 Dungeon Crawl Stone Soup version 0.31.0-11-ge490571c62 (webtiles) character file.

Game seed: 8160117612997680430

247 Gadfly the Ruffian (level 5, -1/39 HPs)
             Began as a Demonspawn Shapeshifter on Jan 27, 2024.
             Slain by a river rat (3 damage)
             ... in a sewer.
             The game lasted 00:03:19 (2197 turns).

Gadfly the Ruffian (Demonspawn Shapeshifter)        Turns: 2197, Time: 00:03:20

Health: -1/39      AC:  8    Str: 16    XL:     5   Next: 85%
Magic:  5/5        EV: 12    Int: 11    God:
Gold:   101        SH:  0    Dex: 12    Spells: 4/4 levels left

rFire   . .          .
                       - Unarmed
rCold   . . .        (no shield)
rNeg    . . .        a - +0 animal skin
rPois   .            (helmet currently unavailable)
rElec   .            p - melded +1 cloak
rCorr   .            (gloves currently unavailable)
SInv    .            (boots currently unavailable)
Will    .....        (no amulet)
Stlth   +            (no ring)
HPRegen 0.26/turn    (no ring)
MPRegen 0.18/turn

%: no passive effects
@: beast-form, sanguine armoured, very slow
A: beast (slay +1), ignite blood 1, magic regeneration, sanguine armour 1,
demonic touch 1
a: Begin Untransformation


You were in a sewer.
You were a hulking beast.
You visited 1 branch of the dungeon, and saw 3 of its levels.
You also visited: Sewer.

You collected 101 gold pieces.

Inventory:

Hand Weapons
 b - a +5 dagger of speed
Armour
 a - a +0 animal skin (worn)
 p - a +1 cloak (melded)
Talismans
 c - a beast talisman (active)
 d - a flux talisman
Scrolls
 f - 3 scrolls of enchant weapon
 m - a scroll of teleportation
Potions
 e - a potion of mutation {unknown}
 g - a potion of lignification
 h - a potion of haste
 i - a potion of curing
 j - a potion of berserk rage {unknown}
 k - a potion of degeneration {unknown}
 l - 3 potions of brilliance {unknown}
 n - a potion of enlightenment


   Skills:
 + Level 2.3 Fighting
 * Level 3.2 Dodging
 + Level 3.3 Unarmed Combat
 * Level 3.0 Evocations
 + Level 3.2 Shapeshifting


You had 4 spell levels left.
You didn't know any spells.
Your spell library contained the following spells:

 Spells                   Type           Power      Damage    Failure   Level
 Foxfire                  Conj/Fire      0%         2x1d4     34%         1
 Slow                     Hex            0%         N/A       34%         1
 Confusing Touch          Hex            0%         N/A       71%         3
 Sigil of Binding         Hex            0%         N/A       71%         3
 Vampiric Draining        Necr           0%         2d6       71%         3
 Plasma Beam              Fire/Air       0%         2x1d10    100%        6
 Starburst                Conj/Fire      0%         6d3       100%        6


Dungeon Overview and Level Annotations

Branches:
Dungeon (3/15)              Sewer (1/1)

Altars:
Cheibriados


Innate Abilities, Weirdness & Mutations

You are a hulking beast.
Your limbs bulge with bestial killing power. (Slay +1)
Your demonic aura sometimes causes spilled blood to erupt in flames.
You regenerate magic rapidly.
When seriously injured, your blood forms armour. (AC +6)
Your touch may inflict minor irresistible damage on your foes.


Message History

The river rat closely misses you.
The river rat attacks as it pursues you!
The river rat barely misses you.
The river rat attacks as it pursues you!
The river rat bites you but does no damage.
The river rat closely misses you. The river rat barely misses you.
The river rat attacks as it pursues you!
The river rat bites you. The river rat barely misses you.
You are too injured to fight recklessly!
You are too injured to fight recklessly!
You are too injured to fight recklessly!
You are too injured to fight recklessly!
You are too injured to fight recklessly!
You are too injured to fight recklessly!
You are too injured to fight recklessly!
You are too injured to fight recklessly!
You are too injured to fight recklessly!
You are too injured to fight recklessly!
You are too injured to fight recklessly!
You are too injured to fight recklessly!
You are too injured to fight recklessly!
You are too injured to fight recklessly!
The river rat bites you. The river rat closely misses you.
The river rat barely misses you. The river rat bites you.
* * * LOW HITPOINT WARNING * * *
You hit the river rat but do no damage. The river rat closely misses you.
You hit the river rat but do no damage. Your touch misses the river rat.
The river rat bites you but does no damage.
You enter the shallow water.
Moving in this stuff is going to be slow.
The river rat bites you but does no damage.
The river rat bites you.
* * * LOW HITPOINT WARNING * * *
The river rat bites you!
* * * LOW HITPOINT WARNING * * *
Your unstable footing causes you to fumble your attack.
The river rat bites you.
You die...

## #.# #r# #~# #.#
#####################.######
.~...~.....~~~~rhrr~†..~..~.
....~.......~.~.rr~~~...~...
#####†######################
~###~## #~#~## ~~~######
##~##~#~# #~#~##~## ~###~#~#


You could see 3 river rats and 2 rats.

Vanquished Creatures
  A brain worm (Sewer)
  An orc priest (D:3)
  Crazy Yiuf (D:2)
  6 adders
  3 dart slugs
  4 orcs (D:3)
  9 bats
  4 endoplasms
  2 giant cockroaches
  3 goblins
  A hobgoblin (D:3)
  6 jackals
  6 kobolds
  A quokka (D:3)
  6 ball pythons
  10 frilled lizards
  6 rats
70 creatures vanquished.

Notes
Turn   | Place    | Note
-------+----------+-------------------------------------------
     0 | D:1      | Gadfly the Demonspawn Shapeshifter began the quest for the
                  | Orb.
     0 | D:1      | Reached XP level 1. HP: 15/15 MP: 1/1
   233 | D:1      | Gained mutation: Your touch may inflict minor irresistible
                  | damage on your foes. [demonic ancestry]
   233 | D:1      | Reached XP level 2. HP: 13/21 MP: 2/2
   333 | D:1      | Reached skill level 1 in Evocations
   676 | D:2      | Gained mutation: Your demonic aura sometimes causes spilled
                  | blood to erupt in flames. [demonic ancestry]
   676 | D:2      | Reached XP level 3. HP: 7/26 MP: 3/3
   873 | D:2      | Found a snail-covered altar of Cheibriados.
   974 | D:2      | Found a runed translucent door.
   975 | D:2      | Noticed Crazy Yiuf
  1059 | D:2      | Gained mutation: When seriously injured, your blood forms
                  | armour. (AC +6) [demonic ancestry]
  1059 | D:2      | Reached XP level 4. HP: 33/33 MP: 4/4
  1509 | D:2      | Killed Crazy Yiuf
  1779 | D:3      | Found a glowing drain.
  1837 | D:3      | Gained mutation: You regenerate magic rapidly. [demonic
                  | ancestry]
  1837 | D:3      | Reached XP level 5. HP: 21/38 MP: 5/5
  1874 | Sewer    | Entered a sewer
  2197 | Sewer    | Slain by a river rat

Illustrated notes

Levels and vault maps discovered:
D:1:      dpeg_arrival_pits, layout_basic
D:2:      layout_loops_ring, basic_altar, uniq_crazy_yiuf_cottage
D:3:      minmay_angry_zag, layout_rooms, cheibrodos_sewer_entry_sluice
Sewer:    sewer_co_cracked_pipes

Skill      XL: |  1  2  3  4  5 |
---------------+----------------+-----
Dodging        | 2 3 |  3.2
Evocations     | 1 2 3 |  3.0
Unarmed Combat | 3 |  3.3
Shapeshifting  | 3 |  3.2
Fighting       | 2 |  2.3

Action                     |  1- 3 |  4- 6 || total
---------------------------+-------+-------++-------
  Melee: Unarmed           |    92 |    87 ||   179
         Touch             |    13 |    14 ||    27
         Dagger            |     4 |     7 ||    11
         Punch             |     1 |     3 ||     4
Ability: Begin Untransform |       |     1 ||     1
    Use: Scroll            |     5 |     7 ||    12
         Potion            |     1 |     1 ||     2
   Stab: Sleeping          |     1 |       ||     1
 Armour: Animal skin       |    43 |    80 ||   123
  Dodge: Dodged            |    75 |    88 ||   163
   Form: Beast             |       |     1 ||     1
